 Dungeon Crawl Stone Soup version 0.28.0-43-g3370ac3207 (webtiles) character file.

Game seed: 7996137443726430181

208 sizableburger the Stinger (level 5, 0/39 HPs)
             Began as a Mummy Wanderer on Mar 24, 2022.
             Slain by a centaur
             ... wielding a +0 broad axe
              (1 damage)
             ... on level 4 of the Dungeon.
             The game lasted 00:09:03 (4091 turns).

sizableburger the Stinger (Mummy Wanderer)          Turns: 4091, Time: 00:09:04

Health: 0/39       AC:  7    Str: 17    XL:     5   Next: 55%
Magic:  1/8        EV: 10    Int: 13    God:
Gold:   165        SH:  0    Dex: 10    Spells: 7/8 levels left

rFire   x . .      SeeInvis .   a - +2 shortbow
rCold   + + +      Faith    .   (shield currently unavailable)
rNeg    + + +      Spirit   .   c - +0 ring mail
rPois   ∞          Reflect  .   (no helmet)
rElec   .          Harm     .   (no cloak)
rCorr   .          Rampage  .   (no gloves)
Will    .....                   e - +1 pair of boots
Stlth   +.........              (no amulet)
HPRegen 0.13/turn               g - ring of protection from cold
MPRegen 0.11/turn               j - ring of protection from cold

@: very slightly contaminated
A: cold resistance 1, negative energy resistance 3, torment resistance 2, heat
vulnerability 1, no potions
a: no special abilities


You were on level 4 of the Dungeon.
You visited 1 branch of the dungeon, and saw 4 of its levels.

You collected 165 gold pieces.

Inventory:

Hand Weapons
 a - a +2 shortbow (weapon)
 h - a +0 hand axe
 i - a +0 dagger
Missiles
 b - 62 arrows (quivered ammo)
Armour
 c - a +0 ring mail (worn)
 e - a +1 pair of boots (worn)
 l - a +0 scale mail
Jewellery
 g - a ring of protection from cold (left hand)
 j - a ring of protection from cold (right hand)
Scrolls
 d - a scroll of amnesia
 f - a scroll of holy word
 m - a scroll of fog


   Skills:
 + Level 2.6 Fighting
 + Level 2.1 Bows
 - Level 1.6 Armour
 - Level 1.5 Stealth
 - Level 2.0 Spellcasting
 - Level 2.5 Transmutations
 - Level 2.7 Poison Magic


You had 7 spell levels left.
You knew the following spells:

 Your Spells              Type           Power      Damage    Failure   Level
a - Sting                 Tmut/Pois      32%        1d4       16%         1

Your spell library contained the following spells:

 Spells                   Type           Power      Damage    Failure   Level
 Ignite Poison            Fire/Tmut/Pois 5%         N/A       54%         3


Dungeon Overview and Level Annotations

Branches:
Dungeon (4/15)
 Temple: D:4-7

Altars:
Dithmenos
Qazlal


Innate Abilities, Weirdness & Mutations

You are immune to poison.
Your flesh is cold resistant. (rC+)
You are immune to negative energy. (rN+++)
You are immune to unholy pain and torment.
You are vulnerable to heat. (rF-)
You do not drink.


Message History

Confirm with . or Enter, or press ? or * to list all spells.
Aiming: Sting (safe; 16% risk of failure)
Press: ? - help, Shift-Dir - straight line, f/p - centaur
Aim: a centaur, wielding a +0 broad axe and quivering arrows (81% to hit)
The sting hits the centaur but does no damage.
The centaur is poisoned.
The centaur hits you with a +0 broad axe.
The centaur kicks you but does no damage.
Casting: Sting (safe; 16% risk of failure)
Confirm with . or Enter, or press ? or * to list all spells.
Aiming: Sting (safe; 16% risk of failure)
Press: ? - help, Shift-Dir - straight line, f/p - centaur
Aim: a centaur, wielding a +0 broad axe and quivering arrows (lightly wounded, poisoned, 81% to hit)
The sting hits the centaur.
The centaur looks even sicker.
The centaur is moderately wounded.
The centaur barely misses you. The centaur kicks you.
The centaur barely misses you.
The centaur kicks you but does no damage.
Casting: Sting (safe; 16% risk of failure)
Confirm with . or Enter, or press ? or * to list all spells.
Aiming: Sting (safe; 16% risk of failure)
Press: ? - help, Shift-Dir - straight line, f/p - centaur
Aim: a centaur, wielding a +0 broad axe and quivering arrows (moderately wounded, very poisoned, 81% to hit)
The sting hits the centaur but does no damage.
The centaur looks even sicker.
The centaur is moderately wounded.
The centaur hits you with a +0 broad axe!
* * * LOW HITPOINT WARNING * * *
The centaur kicks you but does no damage.
Fire: 63 arrows
Press: ? - help, Q - select action, (/) - cycle Shift-Dir - straight line, f/p - centaur
Aim: a centaur, wielding a +0 broad axe and quivering arrows (moderately wounded, very poisoned, 71% to hit)
You shoot an arrow. The arrow hits the centaur.
The centaur is moderately wounded.
You hear an angry hiss.
The centaur closely misses you. The centaur barely misses you.
The centaur hits you with a +0 broad axe.
* * * LOW HITPOINT WARNING * * *
The centaur kicks you.
You die...

+#####
#≈≈≈≈#
#≈...#
#≈...#
#≈.@.#
#≈..c#
#####'#
.# #


You could see a centaur (very poisoned).

Vanquished Creatures
  An orc priest (D:3)
  A hound (D:4)
  A bullfrog skeleton (D:3)
  An orc wizard (D:3)
  2 adders (D:3)
  2 worms (D:2)
  4 dart slugs
  3 orcs (D:3)
  8 endoplasms
  A giant cockroach (D:2)
  8 goblins
  5 hobgoblins
  3 jackals (D:2)
  10 ball pythons
  2 bats
  2 frilled lizards
  6 kobolds
  5 rats
65 creatures vanquished.

Vanquished Creatures (others)
  4 plants (D:3)
4 creatures vanquished.

Grand Total: 69 creatures vanquished

Notes
Turn   | Place    | Note
-------+----------+-------------------------------------------
     0 | D:1      | sizableburger the Mummy Wanderer began the quest for the
                  | Orb.
     0 | D:1      | sizableburger set off with the following items: a +2
                  | shortbow, 25 arrows, a +0 ring mail; and the following
                  | spell memorised: Sting; and the following spells available
                  | to memorise: Ignite Poison
     0 | D:1      | Reached XP level 1. HP: 16/16 MP: 2/2
   136 | D:1      | Reached XP level 2. HP: 22/22 MP: 4/4
   181 | D:1      | Found a faded altar of an unknown god.
   879 | D:2      | Found a shadowy altar of Dithmenos.
  1177 | D:2      | Reached skill level 1 in Transmutations
  1177 | D:2      | Reached XP level 3. HP: 16/28 MP: 0/5
  2311 | D:3      | Found a stormy altar of Qazlal.
  2437 | D:3      | Identified the ring "Inozi" {rPois rF- rN+ Stlth+}
  2537 | D:3      | Reached XP level 4. HP: 33/34 MP: 2/7
  3231 | D:3      | Reached XP level 5. HP: 31/39 MP: 4/8
  3859 | D:4      | Noticed an orc warrior
  4083 | D:4      | Noticed a centaur
  4091 | D:4      | HP: 1/39 [centaur/+0 broad axe (1)]
  4091 | D:4      | Slain by a centaur

Illustrated notes

Levels and vault maps discovered:
D:1:      dpeg_arrival_shrine, layout_basic, nicolae_ecumenical_snake_handling,
          nrook_campfire, hangedman_abyss_or_decor_stabs
D:2:      layout_basic, basic_altar
D:3:      corexii_shack_village, layout_basic, grunt_qazlal_sundering,
          minmay_unequal
D:4:      layout_basic, minmay_temple_entry_statues_fountains,
          chequers_serial_rivers_room_a, minmay_hollow_rounded_squares,
          uniq_duvessa

Skill      XL: |  1  2  3  4  5 |
---------------+----------------+-----
Transmutations | 1 2 |  2.5
Spellcasting   | 2 |  2.0
Poison Magic   | 2 |  2.7
Bows           | 2 |  2.1
Fighting       | |  2.6
Armour         | |  1.6
Stealth        | |  1.5

Action                   |  1- 3 |  4- 6 || total
-------------------------+-------+-------++-------
Melee: Dagger            |    62 |    45 ||   107
 Fire: Shortbow          |    49 |    13 ||    62
 Cast: Sting             |    45 |    36 ||    81
  Use: Scroll            |       |     5 ||     5
Armor: Ring mail         |    32 |    35 ||    67
Dodge: Dodged            |    63 |    51 ||   114
